 Dungeon Crawl Stone Soup version 0.23-a0-143-g1adec7bb76 (webtiles) character file.

137 Napalmbreeze the Charmwright (level 5, -1/43 HPs)
             Began as a Gnoll Skald on Sept 6, 2018.
             Slain by a river rat (6 damage)
             ... on level 3 of the Dungeon.
             The game lasted 00:09:33 (2116 turns).

Napalmbreeze the Charmwright (Gnoll Skald)          Turns: 2116, Time: 00:09:34

Health: -1/43      AC:  4    Str: 13    XL:     5   Next: 20%
Magic:  9/12       EV: 13    Int: 20    God:
Gold:   114        SH:  4    Dex: 16    Spells: 11/14 levels left

rFire    . . .     SeeInvis .   a - +3 flail (crush)
rCold    . . .     Gourm    .   (no shield)
rNeg     . . .     Faith    .   s - +0 leather armour
rPois    .         Spirit   .   (no helmet)
rElec    .         Reflect  +   n - +0 cloak
rCorr    .         Harm     .   (no gloves)
MR       .....                  (no boots)
Stlth    +.........             o - +4 amulet of reflection
HPRegen  0.14/turn              (no ring)
MPRegen  0.13/turn              (no ring)

@: brilliant, drained
A: distributed training, fangs 1, strong nose
a: no special abilities


You were on level 3 of the Dungeon.
You were not hungry.

You visited 1 branch of the dungeon, and saw 3 of its levels.

You collected 114 gold pieces.

Inventory:

Hand Weapons
 a - a +3 flail of crushing (weapon)
 b - a +0 hunting sling
Missiles
 j - 56 stones (quivered)
Armour
 c - a +0 helmet
 k - a +0 chain mail
 n - a +0 cloak (worn)
 s - a +0 leather armour (worn)
Jewellery
 f - an uncursed amulet of harm
 o - a +4 amulet of reflection (around neck)
Scrolls
 e - a scroll of immolation
 g - a scroll of magic mapping
 h - 7 scrolls of remove curse
 q - a scroll of amnesia {unknown}
 r - a scroll of identify {unknown}
Potions
 l - a potion of degeneration {unknown}
 p - a potion of brilliance
Comestibles
 d - 3 rations
 t - 4 chunks of flesh


   Skills:
 + Level 4.7(3.7) Fighting
 + Level 1.3(0.4) Short Blades
 + Level 1.3(0.4) Long Blades
 + Level 1.3(0.4) Axes
 + Level 4.7(3.7) Maces & Flails
 + Level 1.3(0.4) Polearms
 + Level 1.3(0.4) Staves
 + Level 1.3(0.4) Slings
 + Level 1.3(0.4) Bows
 + Level 1.3(0.4) Crossbows
 + Level 1.3(0.4) Throwing
 + Level 2.9(1.9) Armour
 + Level 4.7(3.7) Dodging
 + Level 1.3(0.4) Stealth
 + Level 1.3(0.4) Shields
 + Level 1.3(0.4) Unarmed Combat
 + Level 5.1(4.1) Spellcasting
 + Level 1.1(0.1) Conjurations
 + Level 1.1(0.1) Hexes
 + Level 5.5(4.4) Charms
 + Level 1.1(0.1) Summonings
 + Level 1.1(0.1) Necromancy
 + Level 1.1(0.1) Translocations
 + Level 1.1(0.1) Transmutations
 + Level 1.1(0.1) Fire Magic
 + Level 1.1(0.1) Ice Magic
 + Level 1.1(0.1) Air Magic
 + Level 1.1(0.1) Earth Magic
 + Level 1.1(0.1) Poison Magic
 + Level 1.5(0.5) Invocations
 + Level 1.3(0.4) Evocations


You had 11 spell levels left.
You knew the following spells:

 Your Spells              Type           Power        Failure   Level  Hunger
a - Infusion              Chrm           ####         1%          1    None
s - Song of Slaying       Chrm           ####....     1%          2    #......

Your spell library contained the following spells:

 Spells                   Type           Power        Failure   Level  Hunger
 Shroud of Golubria       Chrm/Tloc      ####......   1%          2    #......
 Regeneration             Chrm/Necr      ####......   2%          3    ###....
 Spectral Weapon          Hex/Chrm       ####....     2%          3    ###....


Dungeon Overview and Level Annotations

Branches:
Dungeon (3/15)

Altars:
Fedhas
Xom


Innate Abilities, Weirdness & Mutations

Your experience applies equally to all skills.
You have very sharp teeth.
Your uncanny sense of smell can sniff out nearby items.


Message History

You hit the river rat but do no damage.
The river rat bites you but does no damage.
Unknown command.
You sock the river rat!
The river rat is almost dead.
The river rat bites you but does no damage.
Unknown command.
You barely miss the river rat.
The river rat is almost dead.
The river rat closely misses you. The river rat misses you.
Unknown command.
You barely miss the river rat.
The river rat is almost dead.
The river rat twitches its whiskers.
You block the river rat's attack.
Unknown command.
You closely miss the river rat.
The river rat is almost dead.
The river rat bites you.
You die...

* #.,,,..# * #.#**#.# *
#.# #.####
*****####.####....#
,,,,,,............##
******##..#**#..rr.#*****
* ##...####.#r#.≈r≈≈∩* *
#.........#r#,,r≈≈≈* *
##...######@#*,≈≈r≈* *
##.## #.#*,,≈≈≈* #.#
*#.#*,,,,≈* #)#
*...,,***** ##'##
*...,,,,,* ##...##
#...#***,* # ##.....##
#####* *,* # ##.......##
**,***,*
####.....))..####..,**,*


You could see 3 river rats and a rat.

Vanquished Creatures
  7 adders
  A worm (D:2)
  2 dart slugs (D:2)
  A leopard gecko (D:3)
  7 orcs (D:3)
  9 bats
  6 hobgoblins
  7 kobolds
  2 ball pythons (D:3)
  4 frilled lizards
  10 goblins
  6 rats
62 creatures vanquished.

Notes
Turn   | Place    | Note
-------+----------+-------------------------------------------
     0 | D:1      | Napalmbreeze the Gnoll Skald began the quest for the Orb.
     0 | D:1      | Reached XP level 1. HP: 20/20 MP: 6/6
   147 | D:1      | Reached XP level 2. HP: 20/26 MP: 7/7
   268 | D:1      | Learned a level 2 spell: Song of Slaying
   805 | D:2      | Reached skill level 5 in Spellcasting
   805 | D:2      | Reached XP level 3. HP: 26/31 MP: 7/9
   954 | D:2      | Found a shimmering altar of Xom.
   962 | D:2      | Found a blossoming altar of Fedhas.
  1042 | D:2      | Reached skill level 1 in Invocations
  1255 | D:2      | Reached skill level 1 in Short Blades
  1255 | D:2      | Reached skill level 1 in Long Blades
  1255 | D:2      | Reached skill level 1 in Axes
  1255 | D:2      | Reached skill level 1 in Polearms
  1255 | D:2      | Reached skill level 1 in Staves
  1255 | D:2      | Reached skill level 1 in Slings
  1255 | D:2      | Reached skill level 1 in Bows
  1255 | D:2      | Reached skill level 1 in Crossbows
  1255 | D:2      | Reached skill level 1 in Throwing
  1255 | D:2      | Reached skill level 1 in Stealth
  1255 | D:2      | Reached skill level 1 in Shields
  1255 | D:2      | Reached skill level 1 in Unarmed Combat
  1255 | D:2      | Reached skill level 1 in Evocations
  1258 | D:2      | Reached XP level 4. HP: 24/38 MP: 6/11
  1512 | D:2      | Reached skill level 1 in Conjurations
  1512 | D:2      | Reached skill level 1 in Hexes
  1512 | D:2      | Reached skill level 1 in Summonings
  1512 | D:2      | Reached skill level 1 in Necromancy
  1512 | D:2      | Reached skill level 1 in Translocations
  1512 | D:2      | Reached skill level 1 in Transmutations
  1512 | D:2      | Reached skill level 1 in Fire Magic
  1512 | D:2      | Reached skill level 1 in Ice Magic
  1512 | D:2      | Reached skill level 1 in Air Magic
  1512 | D:2      | Reached skill level 1 in Earth Magic
  1512 | D:2      | Reached skill level 1 in Poison Magic
  2011 | D:3      | Reached XP level 5. HP: 35/43 MP: 12/12
  2116 | D:3      | Slain by a river rat

Vault maps used:
D:1:      nicolae_arrival_washed_ashore, minmay_statues_item
D:2:      xom_teletrap_fun, fedhas_altar_3
D:3:      nicolae_overflow_crystal_walls, first_ration, portal_sewer_entry_b,
          kennysheep_potato

Skill      XL: |  1  2  3  4 |
---------------+-------------+-----
Spellcasting   | 5 |  5.1
Invocations    | 1 |  1.5
Short Blades   | 1 |  1.3
Long Blades    | 1 |  1.3
Axes           | 1 |  1.3
Polearms       | 1 |  1.3
Staves         | 1 |  1.3
Slings         | 1 |  1.3
Bows           | 1 |  1.3
Crossbows      | 1 |  1.3
Throwing       | 1 |  1.3
Stealth        | 1 |  1.3
Shields        | 1 |  1.3
Unarmed Combat | 1 |  1.3
Evocations     | 1 |  1.3
Conjurations   | 1 |  1.1
Hexes          | 1 |  1.1
Summonings     | 1 |  1.1
Necromancy     | 1 |  1.1
Translocations | 1 |  1.1
Transmutations | 1 |  1.1
Fire Magic     | 1 |  1.1
Ice Magic      | 1 |  1.1
Air Magic      | 1 |  1.1
Earth Magic    | 1 |  1.1
Poison Magic   | 1 |  1.1
Fighting       | |  4.7
Maces & Flails | |  4.7
Armour         | |  2.9
Dodging        | |  4.7
Charms         | |  5.5

Action                   |  1- 3 |  4- 6 || total
-------------------------+-------+-------++-------
Melee: Mace              |    91 |    51 ||   142
       Bite              |     8 |     5 ||    13
       Flail             |       |    30 ||    30
 Fire: Hunting sling     |     6 |     8 ||    14
Throw: Stone             |     2 |       ||     2
 Cast: Infusion          |     2 |     2 ||     4
       Song of Slaying   |       |     2 ||     2
  Use: Scroll            |       |     5 ||     5
       Potion            |       |     1 ||     1
 Stab: Sleeping          |     1 |       ||     1
  Eat: Chunk             |     1 |     3 ||     4
Armor: Leather armour    |    25 |    37 ||    62
       Chain mail        |     2 |       ||     2
Dodge: Dodged            |   118 |    96 ||   214
Block: Other             |     4 |    29 ||    33

Table legend:
 A = Non-vault XP
 B = Vault XP
 C = Vault XP percentage of total XP
 D = Non-vault monster count
 E = Vault monster count
 F = Vault count percentage of total count
                 A         B        C        D         E       F
            +---------+---------+-------+---------+---------+-------
      Total |     189 |       7 |   3.6 |      59 |       3 |   4.8
            +---------+---------+-------+---------+---------+-------
        D:1 |      28 |       0 |   0.0 |      22 |       0 |   0.0
        D:2 |     116 |       0 |   0.0 |      23 |       0 |   0.0
        D:3 |      45 |       7 |  13.5 |      14 |       3 |  17.6
            +---------+---------+-------+---------+---------+-------
